 Dungeon Crawl Stone Soup version 0.26-a0-651-gb41185065b (webtiles) character file.

Game seed: 2481909336901642553

113 Lanoc the Charlatan (level 4, -1/26 HPs)
             Began as a Tengu Artificer on Oct 2, 2020.
             Slain by a hound (3 damage)
             ... on level 4 of the Dungeon.
             The game lasted 00:03:05 (2025 turns).

Lanoc the Charlatan (Tengu Artificer)               Turns: 2025, Time: 00:03:05

Health: -1/26      AC:  3    Str: 12    XL:     4   Next: 96%
Magic:  5/5        EV: 12    Int: 12    God:
Gold:   138        SH:  4    Dex: 15    Spells: 3/3 levels left

rFire    . . .     SeeInvis .   a - +0 club
rCold    . . .     Faith    .   m - +0 buckler
rNeg     . . .     Spirit   .   b - +0 leather armour
rPois    .         Reflect  .   (helmet restricted)
rElec    .         Harm     .   (no cloak)
rCorr    .         Rampage  .   (no gloves)
MR       .....                  (boots unavailable)
Stlth    ++........             (no amulet)
HPRegen  0.08/turn              (no ring)
MPRegen  0.09/turn              (no ring)

@: no status effects
A: beak, talons 3
a: no special abilities


You were on level 4 of the Dungeon.
You visited 1 branch of the dungeon, and saw 4 of its levels.

You collected 138 gold pieces.

Inventory:

Hand Weapons
 a - a +0 club (weapon)
Armour
 b - a +0 leather armour (worn)
 m - a +0 buckler (worn)
Wands
 c - a wand of flame (7)
 d - a wand of enslavement (11)
 e - a wand of random effects (13)
 n - a wand of digging (3)
Scrolls
 g - a scroll of fog {unknown}
 i - a scroll of teleportation {unknown}
 j - a scroll of random uselessness {unknown}
 l - a scroll of magic mapping {unknown}
Potions
 f - 2 potions of ambrosia {unknown}
 h - a potion of invisibility {unknown}
 k - a potion of curing {unknown}


   Skills:
 + Level 1.9 Fighting
 + Level 3.0 Armour
 + Level 2.2 Dodging
 - Level 1.0 Stealth
 + Level 1.0 Shields
 * Level 4.1 Evocations


You had 3 spell levels left.
You didn't know any spells.
Your spell library was empty.

Dungeon Overview and Level Annotations

Branches:
Dungeon (4/15)
 Temple: D:4-7

Altars:
Makhleb


Innate Abilities, Weirdness & Mutations

You have a beak for a mouth.
You have claws for feet.


Message History

The hound barely misses you.
Evoke which item? (* to show all) (? for menu, Esc to quit)
Aiming: Throw Flame
Press: ? - help, Shift-Dir - straight line, f - hound
Aim: a hound (moderately wounded)
The puff of flame hits the hound.
The hound is severely wounded.
The hound bites you.
* * * LOW HITPOINT WARNING * * *
Evoke which item? (* to show all) (? for menu, Esc to quit)
Aiming: Throw Flame
Press: ? - help, Shift-Dir - straight line, f/p - hound
Aim: a hound (severely wounded)
The puff of flame misses the hound.
The hound barely misses you. x2
Evoke which item? (* to show all) (? for menu, Esc to quit)
Aiming: Throw Flame
Press: ? - help, Shift-Dir - straight line, f/p - hound
Aim: a hound (severely wounded)
The puff of flame misses the hound.
The hound bites you.
You die...

.. #.. #.# ##
#.# # #. #.#
.+ #. #.###.#
#.#.###.....#
#....@h.._..#
###.###....##
#.. #.#.##
#.#.......#
##.#.##......
#. ##.###.# #
.# # .. ##


You could see a hound.

Vanquished Creatures
  A hound (D:3)
  An orc wizard (D:3)
  Ijyb (D:3)
  An adder (D:3)
  A worm (D:3)
  A dart slug (D:1)
  7 orcs (D:3)
  6 bats
  A giant cockroach (D:2)
  4 goblins
  2 jackals (D:1)
  A frilled lizard (D:3)
  3 kobolds (D:3)
  5 rats
35 creatures vanquished.

Vanquished Creatures (collateral kills)
  2 orcs (D:3)
  A bat (D:3)
3 creatures vanquished.

Vanquished Creatures (others)
  2 orcs (D:3)
2 creatures vanquished.

Grand Total: 40 creatures vanquished

Notes
Turn   | Place    | Note
-------+----------+-------------------------------------------
     0 | D:1      | Lanoc the Tengu Artificer began the quest for the Orb.
     0 | D:1      | Reached XP level 1. HP: 12/12 MP: 2/2
   106 | D:1      | Reached XP level 2. HP: 15/16 MP: 3/3
   555 | D:3      | Reached XP level 3. HP: 6/20 MP: 4/4
  1254 | D:3      | Noticed Ijyb
  1280 | D:3      | Killed Ijyb
  1280 | D:3      | Reached XP level 4. HP: 4/26 MP: 5/5
  1571 | D:3      | Reached skill level 1 in Shields
  1571 | D:3      | Reached skill level 4 in Evocations
  2010 | D:4      | Found a burning altar of Makhleb.
  2025 | D:4      | Slain by a hound

Illustrated notes

Levels and vault maps discovered:
D:1:      heliophobic_arrival_enchanted_forest, layout_rooms, serial_curves,
          eino_curves_04, eino_curves_04, eino_curves_03,
          kennysheep_pointless_box
D:2:      layout_loops_cross
D:3:      minmay_diamond_boxcup, layout_basic, uniq_ijyb
D:4:      layout_loops_ring, lemuel_coloured_pillars_altar, xom_redecorated,
          nicolae_overflow_hidden_temple, lemuel_crystal_altar,
          minmay_temple_entry_glassed_door, nicolae_elemental_shop,
          bloody_makhleb, uniq_sigmund, uniq_blork_the_orc

Skill      XL: |  1  2  3  4 |
---------------+-------------+-----
Dodging        | 2 |  2.2
Shields        | 1 |  1.0
Evocations     | 4 |  4.1
Armour         | 3 |  3.0
Fighting       | |  1.9
Stealth        | |  1.0

Action                   |  1- 3 |  4- 6 || total
-------------------------+-------+-------++-------
Melee: Club              |    74 |    21 ||    95
       Kick              |    30 |     4 ||    34
       Peck              |    11 |     4 ||    15
Evoke: Wand              |     7 |     7 ||    14
 Stab: Sleeping          |     5 |       ||     5
Armor: Leather armour    |    19 |     5 ||    24
Dodge: Dodged            |    43 |    11 ||    54
Block: Buckler           |     3 |     4 ||     7

Table legend: (Time is in decaauts)
 A = Elapsed time spent in this place.
 B = Non-inter-level travel time spent in this place.
 C = Inter-level travel time spent in this place.
 D = Time resting spent in this place.
 E = Time spent auto-exploring this place.
 F = Levels seen in this place.
 G = Mean time per level.
                   A        B        C        D        E       F      G
               +--------+--------+--------+--------+--------+-----+--------+
         Total |   2054 |   2030 |     24 |      0 |   1721 |   4 |  513.5 |
       Dungeon |   2054 |   2030 |     24 |      0 |   1721 |   4 |  513.5 |
               +--------+--------+--------+--------+--------+-----+--------+

Top non-repeatable levels by time:
     D:3: 1698 daAuts
     D:2: 190 daAuts
     D:1: 148 daAuts
     D:4: 16 daAuts
